Map: Apotheosis LE

Players

AskMe

  • Race: Zerg Zerg
  • League: Gold
  • Spawn Location: 11:00

Fropez - Winner!

  • Race: Protoss Protoss
  • League: Gold
  • Spawn Location: 5:00

VOD

Have the link to the VOD?

Description

Time

  • Played on: Nov. 15, 2016, 5:47 p.m.
  • Length: 9:24
Show
View Real Time Build Order
Export as new Build Order

AskMe Zerg 

Build Orders: Pool First 

Get SALT Encoding   

  12  0:01  Drone  
  13  0:10  Drone  
  14  0:19  Overlord  
  14  0:36  Spawning Pool  
  14  0:41  Drone x2  
  15  0:48  Extractor, Drone  
  15  0:53  Drone  
  16  1:03  Drone  
  17  1:27  Drone  
  17  1:30  Drone  
  17  1:31  Hatchery  
  18  1:39  Overlord  
  18  1:46  Drone  
  19  1:55  Queen  
  21  2:04  Zergling x2  
  22  2:10  Metabolic Boost  
  22  2:14  Overlord  
  22  2:26  Drone  
  22  2:29  Drone  
  24  2:56  Roach Warren  
  23  2:59  Extractor, Lair  
  23  3:03  Evolution Chamber  
  23  3:04  Evolution Chamber  
  20  3:15  Pneumatized Carapace  
  20  3:19  Zergling x2, Drone  
  23  3:20  Zergling x4  
  23  3:26  Drone x2  
  26  3:39  Zergling x2  
  27  3:42  Zergling x2  
  27  3:44  Spine Crawler  
  27  3:46  Drone  
  27  3:48  Drone  
  29  3:58  Queen  
  29  4:00  Drone  
  32  4:04  Zergling x2  
  33  4:10  Drone x2  
  33  4:12  Zergling x2  
  36  4:19  Zergling x4  
  38  4:31  Zergling x4  
  38  4:36  Zergling x4  
  42  4:44  Drone  
  42  4:45  Drone  
  44  4:46  Overlord  
  44  5:10  Overlord  
  44  5:17  Overlord  
  37  5:43  Zergling x2, Drone x2  
  37  5:44  Zergling x4, Drone  
  43  5:56  Zergling x4  
  37  6:10  Zergling x2, Roach  
  31  6:23  Zergling x2  
  31  6:24  Zergling x2  
  30  6:28  Zergling x4  
  25  6:45  Zergling x2, Roach  
  24  6:52  Drone x2  
  20  7:00  Drone x2  
  17  7:09  Drone  
  17  7:14  Drone  
  19  7:20  Drone x2  
  21  7:30  Drone  
  21  7:32  Spore Crawler  
  21  7:35  Drone  
  21  7:36  Spore Crawler  
  21  7:41  Drone  
  22  7:48  Overlord  
  22  8:06  Drone x2  
  22  8:07  Roach x2  
  22  8:08  Roach x2  
  22  8:12  Drone  
  33  8:17  Drone  
  34  8:21  Drone  
  35  8:30  Drone  
  35  8:31  Drone  
  35  8:32  Drone  
  38  8:44  Drone x3  
  38  8:45  Drone  
  42  8:48  Drone  
  43  8:58  Roach x2  
  43  9:02  Drone  
  35  9:05  Zergling x2  
Show
View Real Time Build Order
Export as new Build Order

Fropez Protoss - Winner!

Build Orders:  

Get SALT Encoding   

  12  0:01  Probe (Chrono Boost)  
  13  0:13  Pylon  
  13  0:17  Probe (Chrono Boost)  
  14  0:28  Probe (Chrono Boost)  
  15  0:31  Assimilator  
  15  0:38  Probe (Chrono Boost)  
  16  0:46  Gateway  
  16  0:55  Probe (Chrono Boost)  
  17  1:06  Probe (Chrono Boost)  
  17  1:09  Assimilator  
  18  1:14  Gateway  
  18  1:29  Pylon  
  18  1:30  Probe (Chrono Boost)  
  19  1:40  Probe (Chrono Boost)  
  20  1:51  Probe (Chrono Boost)  
  21  1:55  Gateway  
  21  2:00  Cybernetics Core  
  21  2:05  Gateway  
  21  2:12  Gateway  
  21  2:18  Probe (Chrono Boost)  
  23  2:37  Warp Gate (Chrono Boost), Mothership Core (Chrono Boost)  
  23  2:40  Adept  
  23  2:42  Adept  
  26  2:55  Probe (Chrono Boost)  
  27  3:06  Adept  
  27  3:07  Adept  
  31  3:21  Pylon  
  31  3:30  Pylon  
  31  3:39  Adept x2, Probe  
  36  3:51  Probe  
  36  3:53  Stalker  
  39  3:56  Stalker  
  41  4:22  Nexus  
  41  4:26  Probe  
  42  4:44  Twilight Council, Forge  
  42  4:47  Probe  
  43  5:03  Stalker x2  
  47  5:21  Resonating Glaives (Chrono Boost)  
  47  5:23  Protoss Ground Weapons Level 1  
  47  5:34  Probe  
  48  5:35  Adept  
  48  5:36  Adept  
  48  5:42  Adept  
  46  5:46  Probe  
  47  5:50  Adept  
  49  6:24  Nexus  
  47  6:53  Pylon  
  43  6:55  Pylon  
  43  6:58  Pylon  
  39  7:01  Probe  
  38  7:13  Probe  
  38  7:15  Adept x4  
  47  7:25  Probe  
  48  7:36  Gateway  
  48  7:40  Gateway  
  48  7:42  Photon Cannon  
  48  7:59  Gateway  
  48  8:00  Adept x2  
  48  8:03  Adept  
  54  8:07  Adept  
  56  8:22  Stalker  
  58  8:33  Stalker  
  60  8:34  Stalker  
  62  8:43  Assimilator, Stalker  
Tags
 
League
GoldGold
Matchup
PvZ
Opening
Pool First
Replay Pack
All Mines
Spawn Locations
Cross Positions
Add a new tag
Caveats
  • Supply blocks, unpowered buildings, or Contaminate may cause inaccurate times.
  • Supply counts are checked every 10 seconds.